Jacinda Belindus Megaskank, neutral female human Valkyrie -------- #........############## ###|......| # # |...***| ## ### |...*@i. # # |...***| # ### ### |.%....| ## # ----------- # -------- # -----# |..........##### ###|<..|# |.........| #....|# |.........| |...-# ----------- ----- Jacinda Belindus Megaskank the Fighter Experience level: 6 Strength: 16 Dexterity: 14 Constitution: 18 Intelligence: 8 Wisdom: 13 Charisma: 8 Health: 0(61) Energy: 18(18) Def: 10 Gold: 365 Moves: 4357 Dungeon seed: aDx4bq1AP304X1wK Game ID: Jacinda Belindus Megaskank_1492733770 Your Inventory: Coins $ - 365 gold pieces Weapons i - a +0 orcish dagger t - 4 +0 shuriken (in quiver) x - a blessed corroded +1 long sword (weapon in hand) Armor e - an uncursed +3 small shield (being worn) y - an uncursed +0 ring mail (being worn) z - an uncursed +0 dwarvish iron helm (being worn) N - an uncursed +1 dwarvish cloak (being worn) Y - an uncursed +0 chain mail Rings Q - an uncursed ring of poison resistance U - a cursed ring of searching Wands d - a wand of undead turning (0:4) o - a wand of polymorph (0:5) P - a wand of striking (1:0) Gems f - an uncursed worthless piece of white glass n - 2 uncursed worthless pieces of orange glass q - an uncursed agate stone r - an uncursed worthless piece of yellow glass Spells and supernatural/magical abilities: Name Level Category Fail Memory W - pray for help -- divine ? -- Your skills at the end: Fighting Skills Weapon Skills dagger [Basic] long sword [Basic] Spellcasting Skills Final Attributes: You were piously aligned. You were cold resistant. You were confused. You were stealthy. You were unlucky. Odin was angry with you. You are dead. Vanquished creatures: a small mimic a giant beetle an orc-captain 2 bugbears an orc shaman a fog cloud 2 violet fungi a gnome lord a straw golem 3 giant ants 2 floating eyes 2 dwarves a homunculus a kobold shaman 2 hill orcs 2 giant bats 4 dwarf zombies a wererat an acid blob 2 coyotes a hobbit a hobgoblin 2 giant rats 4 cave spiders a brown mold a yellow mold a green mold 7 gnomes 2 jackals 2 foxes a kobold a sewer rat 3 lichens 6 newts 65 creatures vanquished. Voluntary challenges: You had been an atheist until turn 4086. You used a wielded weapon 107 times, starting on turn 64. You read items or engraved 12 times, starting on turn 1530. You never genocided any monsters. You never polymorphed an object. You never changed form. You used no wishes. You never split a pudding. You never wrote Elbereth's name. You violated your moral code, losing 3 points of alignment, starting on turn 2950. Dungeon overview: The Dungeons of Doom: levels 1 to 10 Level 1 a long staircase Level 2 Level 3 a fountain Level 4 an armor shop stairs to The Gnomish Mines Level 5 a fountain Level 6 many fountains Level 7 stairs to Sokoban Level 8 Level 9 an altar to Odin Level 10 <- You were here The Gnomish Mines: Level 5 stairs to The Dungeons of Doom Sokoban: levels 5 to 6 Level 5 Level 6 stairs to The Dungeons of Doom History has recorded: On T:1 you entered the Dungeons of Doom to retrieve the Amulet of Yendor! On T:153 you reached level 2 of The Dungeons of Doom. On T:435 you reached level 3 of The Dungeons of Doom. On T:437 you advanced to experience level 2. On T:826 you reached level 4 of The Dungeons of Doom. On T:906 you reached level 1 of The Gnomish Mines. On T:1042 you advanced to experience level 3. On T:1332 you advanced to experience level 4. On T:1404 you reached level 5 of The Dungeons of Doom. On T:1750 you reached level 6 of The Dungeons of Doom. On T:1838 you advanced to experience level 5. On T:2173 you reached level 7 of The Dungeons of Doom. On T:2337 you reached level 4 of Sokoban. On T:2757 you reached level 3 of Sokoban. On T:3198 you reached level 8 of The Dungeons of Doom. On T:3207 you advanced to experience level 6. On T:3878 you reached level 9 of The Dungeons of Doom. On T:4176 you reached level 10 of The Dungeons of Doom. Score breakdown: Gold: 365 ( 8720 points) Experience: 6 levels (12456 points) Exploration: 10 levels ( 20.83%) (13127 points) Discoveries: 10 items ( 4.07%) ( 6048 points) Valuables value: (no points given unless you survive) Artifact value: 0 ( 0 points) Variety of kills: 34 monsters ( 8.92%) ( 8961 points) Turncount: 4357 turns (-1151 points) Survival: died (score multiplied by 80%) Total score: 38528 Latest messages: You attack thin air. The tengu bites! As you read the scroll, it disappears. Being confused, you mispronounce the magic words... The ceiling rumbles above you! The tengu is hit by 5 rocks! You are hit by 4 rocks! Fortunately, you are wearing a hard hat. The tengu bites! You attack thin air. The tengu bites! As you read the scroll, it disappears. Being confused, you mispronounce the magic words... The ceiling rumbles above you! The tengu is hit by 5 rocks! You are hit by 5 rocks! Fortunately, you are wearing a hard hat. Valkyrie, your life force is running out. The tengu bites! You die... Final status: Farvel Jacinda Belindus Megaskank the Valkyrie, killed by a tengu... You died in The Dungeons of Doom on dungeon level 10 with 38528 points, and 365 pieces of gold, after 4357 moves. You were level 6 with a maximum of 61 hit points when you died.